 Dungeon Crawl Stone Soup version 0.21.1-1-g345015fe64 (console) character file.

3341 Kloppie the Grappler (level 9, -3/145 HPs)
             Began as a Troll Fighter on May 3, 2018.
             Was an Elder of Okawaru.
             Slain by Grum
             ... wielding a +0 spear
              (6 damage)
             ... on level 8 of the Dungeon.
             The game lasted 00:09:12 (4851 turns).

Kloppie the Grappler (Troll Fighter)                Turns: 4851, Time: 00:09:12

Health: -3/145     AC: 32    Str: 31    XL:     9   Next: 72%
Magic:  0/17       EV:  1    Int:  4    God:    Okawaru [****..]
Gold:   388        SH:  0    Dex: 12    Spells: 8/8 levels left

rFire    . . .     SeeInvis .     - Unarmed
rCold    . . .     Gourm    +   (no shield)
rNeg     + + +     Faith    .   (armour currently unavailable)
rPois    +         Spirit   +   (helmet currently unavailable)
rElec    .         Reflect  .   (cloak currently unavailable)
rCorr    .         Harm     .   (gloves unavailable)
MR       .....     NoTele   +   (boots unavailable)
Stlth    +.........             k - amulet of guardian spirit
HPRegen  0.74/turn              i - ring of Robustness {AC+8}
MPRegen  0.15/turn              f - ring of magical power

@: mighty, tree-form, slowed, very slow
A: large, unfitting armour, fast metabolism 3, gourmand, regeneration 1
a: Heroism, Renounce Religion


You were on level 8 of the Dungeon.
You worshipped Okawaru.
Okawaru was greatly pleased with you.
You were completely stuffed.
You were a tree.
You visited 2 branches of the dungeon, and saw 9 of its levels.

You collected 436 gold pieces.
You spent 48 gold pieces at shops.

Inventory:

Hand Weapons
 w - a +1 giant spiked club
Missiles
 z - 2 steel javelins (quivered)
Armour
 a - a +2 robe (melded)
 b - a +1 shield
Jewellery
 e - an uncursed ring of protection from magic
 f - a ring of magical power (right branch)
 i - the ring of Robustness (left branch) {AC+8}
   (You found it on level 6 of the Dungeon)

   [ring of protection]

   It affects your AC (+8).
 k - an amulet of guardian spirit (around neck)
 q - an uncursed amulet of rage
Wands
 m - a wand of paralysis (6)
 t - a wand of enslavement (27)
 y - a wand of flame (10)
Scrolls
 j - a scroll of blinking
 l - a scroll of amnesia
 n - 2 scrolls of teleportation
 p - 2 scrolls of remove curse
 s - a scroll of magic mapping
 u - a scroll of enchant armour
Potions
 g - a potion of magic
 h - 2 potions of lignification
 o - a potion of haste
 r - 2 potions of mutation {unknown}
 v - 2 potions of curing
Comestibles
 d - 8 rations
 x - 10 chunks of flesh


   Skills:
 + Level 8.6 Fighting
 - Level 2.4 Dodging
 + Level 4.8 Shields
 - Level 8.7 Unarmed Combat


You had 8 spell levels left.
You didn't know any spells.

Dungeon Overview and Level Annotations

Branches:
Dungeon (8/15)             Temple (1/1) D:5
   Lair: D:8-11

Altars:
Ashenzari
Cheibriados
Dithmenos
Elyvilon
Fedhas
Gozag
Hepliaklqana
Kikubaaqudgha
Makhleb
Nemelex Xobeh
Okawaru
Qazlal
Ru
Sif Muna
Trog
Uskayaw
Vehumet
Wu Jian
Xom
Yredelemnul
Zin
The Shining One

Shops:
D:6 (   D:8 *

Annotations:
D:8 Gastronok, Grum


Innate Abilities, Weirdness & Mutations

You are too large for most types of armour.
((You have claws for hands.))
Your metabolism is lightning-fast.
You like to eat raw meat.
Your natural rate of healing is unusually fast.
((You are covered in fur. (AC +1)))
((You have very tough skin. (AC +2)))


Message History

Things that are here:
a wolf corpse x2
You claw Grum!
Grum is moderately wounded.
Grum sniffs the air and quickly glances around.
Grum hits you with a spear!
* * * LOW HITPOINT WARNING * * *
Gastronok gurgles, "I'll eat you, I will!"
You feel better. Grum closely misses you. Gastronok casts a spell at you.
You feel yourself slow down.
You turn into a tree.
Your +2 robe melds into your body.
Your roots penetrate the ground.
Grum hits you but does no damage. x2
You smack Grum!
Grum is heavily wounded.
Gastronok bites you!
* * * LOW HITPOINT WARNING * * *
Grum hits you with a spear.
You die...

# . .#.. # .....
#..########......
#........♣g...#
######.###w#.##
#..###...
##..........
##...##....#.#
#######.>#.# .###
.# #.........)##
## .
#..............
#∩........#####


You could see Gastronok and Grum.

Vanquished Creatures
  The ghost of Tegun the Cleaver, a novice DsFi of Qazlal (D:8)
  The ghost of PikkenKukken the Cudgeler, a novice TrBe of Trog (D:6)
  A centaur zombie (D:5)
  A troll (D:6)
  A sky beast (D:5)
  3 ogres
  3 wolves (D:8)
  2 centaurs (D:6)
  A bullfrog (D:7)
  2 scorpions
  3 crimson imps
  A hound (D:7)
  2 jellies (D:6)
  2 orc priests
  2 bullfrog skeletons
  An iguana (D:7)
  5 orc wizards
  2 worker ants (D:6)
  A hound zombie (D:7)
  A hound skeleton (D:7)
  2 worker ant zombies (D:7)
  A howler monkey skeleton (D:4)
  5 adders
  3 oozes
  An adder skeleton (D:4)
  2 worms
  4 dart slugs
  2 leopard geckos
  16 orcs
  2 ball pythons
  8 giant cockroaches
  14 goblins
  8 hobgoblins
  11 jackals
  8 kobolds
  4 quokkas
  A ball python skeleton (D:5)
  14 bats
  A frilled lizard (D:1)
  A jackal skeleton (D:4)
  A quokka zombie (D:6)
  6 rats
151 creatures vanquished.

Vanquished Creatures (others)
  A goblin (D:2)
1 creature vanquished.

Grand Total: 152 creatures vanquished

Notes
Turn   | Place    | Note
-------+----------+-------------------------------------------
     0 | D:1      | Kloppie the Troll Fighter began the quest for the Orb.
     0 | D:1      | Reached XP level 1. HP: 22/22 MP: 0/0
    34 | D:1      | Reached XP level 2. HP: 29/29 MP: 1/1
   309 | D:1      | Reached XP level 3. HP: 32/37 MP: 2/2
   747 | D:2      | Reached XP level 4. HP: 45/45 MP: 3/3
   955 | D:2      | Found a bloodstained altar of Trog.
  1402 | D:3      | Reached XP level 5. HP: 49/54 MP: 4/4
  1708 | D:4      | Noticed an ogre
  1717 | D:4      | Killed an ogre
  1879 | D:4      | Reached XP level 6. HP: 59/62 MP: 5/5
  1889 | D:4      | Found a snail-covered altar of Cheibriados.
  2426 | D:5      | Entered Level 5 of the Dungeon
  2426 | D:5      | Found a staircase to the Ecumenical Temple.
  2432 | Temple   | Entered the Ecumenical Temple
  2676 | Temple   | Became a worshipper of Warmaster Okawaru
  2760 | D:5      | Noticed a sky beast
  2765 | D:5      | Killed a sky beast
  2765 | D:5      | Reached skill level 5 in Unarmed Combat
  2950 | D:5      | Reached skill level 5 in Fighting
  2950 | D:5      | Reached XP level 7. HP: 72/72 MP: 6/6
  3114 | D:5      | Reached * piety under Okawaru
  3162 | D:5      | Reached XP level 8. HP: 23/83 MP: 2/7
  3392 | D:6      | Found the ring of Robustness {AC+8}
  3496 | D:6      | Noticed PikkenKukken's ghost (novice TrBe)
  3534 | D:6      | Killed PikkenKukken's ghost
  3534 | D:6      | Reached ** piety under Okawaru
  3639 | D:6      | Found Cuobem's Weapon Emporium.
  3686 | D:6      | Noticed a troll
  3703 | D:6      | Killed a troll
  3703 | D:6      | Reached *** piety under Okawaru
  3709 | D:6      | Reached XP level 9. HP: 34/93 MP: 7/8
  4078 | D:6      | Found a stormy altar of Qazlal.
  4118 | D:6      | Found a blossoming altar of Fedhas.
  4120 | D:6      | Found an iron altar of Okawaru.
  4120 | D:6      | Found a radiant altar of Vehumet.
  4122 | D:6      | Found a sacrificial altar of Ru.
  4122 | D:6      | Found a glowing silver altar of Zin.
  4122 | D:6      | Found a shimmering altar of Xom.
  4786 | D:8      | Found Lyjebb's General Store.
  4786 | D:8      | Noticed Tegun's ghost (novice DsFi)
  4801 | D:8      | Killed Tegun's ghost
  4801 | D:8      | Reached **** piety under Okawaru
  4801 | D:8      | Received a gift from Okawaru
  4814 | D:8      | Bought a scroll of teleportation for 48 gold pieces
  4829 | D:8      | Noticed Grum
  4834 | D:8      | Noticed Gastronok
  4851 | D:8      | HP: 3/145 [Gastronok (15)]
  4851 | D:8      | Slain by Grum

Skill      XL: |  1  2  3  4  5  6  7  8  9 |
---------------+----------------------------+-----
Fighting       | 3 4 5 6 7 8 |  8.6
Unarmed Combat | 3 4 5 6 8 |  8.7
Shields        | 4 |  4.8
Dodging        | |  2.4

Action                   |  1- 3 |  4- 6 |  7- 9 || total
-------------------------+-------+-------+-------++-------
Melee: Unarmed           |   112 |   165 |   183 ||   460
       Punch             |     1 |     5 |     5 ||    11
Evoke: Wand              |       |     4 |     2 ||     6
  Use: Scroll            |       |     8 |    11 ||    19
       Potion            |       |       |     5 ||     5
 Stab: Sleeping          |       |     1 |       ||     1
       Paralysed         |       |     6 |       ||     6
  Eat: Chunk             |    12 |    18 |    20 ||    50
Armor: Robe              |    53 |    58 |    84 ||   195
       Skin              |       |       |     2 ||     2
Dodge: Dodged            |    79 |    87 |    84 ||   250
